 Dungeon Crawl Stone Soup version 0.19-a0-1903-gead39cf (webtiles) character file.

176 GlassEater the Covert (level 5, -11/46 HPs)
             Began as a Naga Assassin on Oct 20, 2016.
             Mangled by Potronius's ghost (12 damage)
             ... on level 3 of the Dungeon.
             The game lasted 00:11:16 (3772 turns).

GlassEater the Covert (Naga Assassin)               Turns: 3772, Time: 00:11:17

Health: -11/46     AC:  4    Str: 13    XL:     5   Next: 56%
Magic:  5/5        EV: 10    Int: 12    God:
Gold:   144        SH:  0    Dex: 15    Spells: 0 memorised, 4 levels left

rFire  . . .     SeeInvis +     a - +2 dagger
rCold  . . .     Gourm    .     c - +0 robe
rNeg   . . .     Faith    .     (no shield)
rPois  +         Spirit   .     l - +0 helmet
rElec  .         Reflect  .     d - +0 cloak
rCorr  .         Harm     .     (no gloves)
MR     .....                    (no barding)
Stlth  ++++......               (no amulet)
                                (no ring)
                                (no ring)

@: very slightly contaminated, invisible, very slow
A: see invisible, agile 1, deformed body, poison resistance, slowness 2, slow
metabolism 1, spit poison 1, AC +1
a: Spit Poison


You were on level 3 of the Dungeon.
You were very hungry.

You visited 1 branch of the dungeon, and saw 3 of its levels.

You collected 144 gold pieces.

Inventory:

Hand Weapons
 a - a +2 dagger (weapon)
 b - a +0 blowgun
Missiles
 e - 8 poisoned needles
 f - 5 curare-tipped needles
 k - 5 tomahawks (quivered)
Armour
 c - a +0 robe (worn)
 d - a +0 cloak (worn)
 l - a +0 helmet (worn)
 t - a +2 large shield
Jewellery
 p - an uncursed ring of flight
Scrolls
 h - a scroll of amnesia {unknown}
 m - 2 scrolls of enchant armour {unknown}
 o - a scroll of magic mapping {unknown}
 q - a scroll of random uselessness {unknown}
 x - a scroll of enchant weapon {unknown}
 y - a scroll of remove curse {unknown}
 z - a scroll of identify
Potions
 i - a potion of resistance
 j - a potion of flight
 s - a potion of curing {unknown}
 u - a potion of invisibility
 v - a potion of berserk rage {unknown}
 w - 2 potions of brilliance {unknown}
Comestibles
 g - 2 bread rations
 r - 2 meat rations


   Skills:
 + Level 2.4 Fighting
 + Level 2.3 Short Blades
 + Level 2.1 Throwing
 + Level 1.4 Dodging
 * Level 9.0 Stealth


You had 4 spell levels left.
You didn't know any spells.

Dungeon Overview and Level Annotations

Branches:
Dungeon (3/15)

Altars:
Ashenzari
Elyvilon
Trog

Annotations:
D:3 Potronius's ghost, amateur GrMo


Innate Abilities, Weirdness & Mutations

You cannot wear boots.
Your serpentine skin is tough. (AC +1)
You have supernaturally acute eyesight. (SInv)
Armour fits poorly on your strangely shaped body.
Your system is resistant to poisons. (rPois)
You cover ground very slowly.
You have a slow metabolism.
You can spit poison.
You are agile. (Dex +2)


Message History

Potronius's ghost hits you.
Potronius's ghost screams, "You will never get the ORB!"
Potronius's ghost hits you!
A hobgoblin comes into view. It is wielding a club.
Potronius's ghost hits you!
* * * LOW HITPOINT WARNING * * *
The hobgoblin shouts!
It was a potion of invisibility.
You fade into invisibility!
Potronius's ghost closely misses you.
You are very lightly contaminated with residual magic.
Potronius's ghost hits you.
* * * LOW HITPOINT WARNING * * *
The hobgoblin barely misses you. The hobgoblin hits you with a club.
* * * LOW HITPOINT WARNING * * *
Potronius's ghost hits you.
* * * LOW HITPOINT WARNING * * *
Potronius's ghost hits you!
You die...

#............##......#
#...
#>..##.....#.##......#
#####
#...#......#.############
....##.....#............
##.........#..........##
.....###.###.....(.(...#
########.###........>..#
.......)......g........#
.#######.#......@......#
. #.#.####W####.#.# .


#.P.PPPPPPPPPPP.# . ....P.....P.....P.# . #.#.##P.PPP.P.P.PPP.# . #
P...P.b.P...P.# < PPPPP.PPP.P.P.### P.. .. ...P.P.#.# PPPPP.PPPPP.P.#.# You
could see Potronius's ghost and a hobgoblin (wandering).

Vanquished Creatures
  Ijyb (D:2)
  A worker ant (D:3)
  3 adders
  An ooze (D:2)
  2 worms (D:2)
  3 dart slugs
  2 leopard geckos
  5 orcs (D:3)
  A ball python (D:1)
  7 goblins
  15 hobgoblins
  7 kobolds
  3 quokkas (D:2)
  10 bats
  8 frilled lizards
  10 rats
79 creatures vanquished.

Notes
Turn   | Place    | Note
-------+----------+-------------------------------------------
     0 | D:1      | GlassEater the Naga Assassin began the quest for the Orb.
     0 | D:1      | Reached XP level 1. HP: 19/19 MP: 1/1
    28 | D:1      | Reached skill level 6 in Stealth
   483 | D:1      | Reached XP level 2. HP: 23/26 MP: 2/2
   624 | D:1      | Reached skill level 7 in Stealth
   823 | D:1      | Reached XP level 3. HP: 10/32 MP: 3/3
  1638 | D:2      | Gained mutation: You are agile. (Dex +2) [potion of beneficial mutation]
  1686 | D:2      | Reached skill level 8 in Stealth
  1948 | D:2      | Reached XP level 4. HP: 36/39 MP: 4/4
  2195 | D:2      | Noticed Ijyb
  2202 | D:2      | Killed Ijyb
  2202 | D:2      | Reached skill level 1 in Dodging
  2229 | D:2      | Found a shattered altar of Ashenzari.
  2845 | D:2      | Reached XP level 5. HP: 42/45 MP: 5/5
  3101 | D:3      | Found a white marble altar of Elyvilon.
  3488 | D:3      | Reached skill level 9 in Stealth
  3498 | D:3      | Found a bloodstained altar of Trog.
  3640 | D:3      | Noticed Potronius's ghost (amateur GrMo)
  3770 | D:3      | HP: 1/46 [Potronius's ghost (4)]
  3772 | D:3      | Mangled by Potronius's ghost

Vault maps used:
D:1:      dpeg_arrival_tiny_i
D:2:      evilmike_ruin_ashenzari, uniq_iyjb
D:3:      lemuel_round_altar, nicolae_overflow_crystal_walls,
          lightli_temple_of_fire, portal_sewer_entry_e, minmay_hedge_maze,
          minmay_rats_cheesy_pizza

Skill      XL: |  1  2  3  4  5 |
---------------+----------------+-----
Stealth        | 6 7 8 9 |  9.0
Throwing       | 2 |  2.1
Dodging        | 1 |  1.4
Fighting       | |  2.4
Short Blades   | |  2.3

Action                   |  1- 3 |  4- 6 || total
-------------------------+-------+-------++-------
Melee: Dagger            |   128 |   148 ||   276
 Fire: Blowgun           |     5 |       ||     5
Throw: Tomahawk          |     9 |    16 ||    25
  Use: Scroll            |     5 |       ||     5
       Potion            |     1 |     1 ||     2
 Stab: Sleeping          |     8 |     9 ||    17
  Eat: Chunk             |     2 |     4 ||     6
Armor: Robe              |    43 |    43 ||    86
Dodge: Dodged            |    55 |    69 ||   124
